 Dungeon Crawl Stone Soup version 0.26-a0-651-gb41185065b (webtiles) character file.

Game seed: 7740567217175798980

8267 tilp the Covert (level 11, -6/53 HPs)
             Began as a Spriggan Enchanter on Oct 22, 2020.
             Was a Believer of Dithmenos.
             Mangled by Harold
             ... wielding a +0 scimitar
              (15 damage)
             ... on level 9 of the Dungeon.
             The game lasted 00:22:18 (11642 turns).

tilp the Covert (Spriggan Enchanter)               Turns: 11642, Time: 00:22:18

Health: -6/53      AC:  5    Str:  4    XL:     11   Next: 7%
Magic:  12/20      EV: 29    Int: 21    God:    Dithmenos [**....]
Gold:   568        SH:  0    Dex: 16    Spells: 9/21 levels left

rFire    . . .     SeeInvis +   b - +4 rapier (elec)
rCold    . . .     Faith    .   (shield restricted)
rNeg     . . .     Spirit   .   w - +0 robe
rPois    .         Reflect  .   (helmet restricted)
rElec    .         Harm     .   p - +2 cloak
rCorr    .         Rampage  .   (gloves unavailable)
MR       +....                  (boots unavailable)
Stlth    ++++++++..             (no amulet)
HPRegen  0.17/turn              x - ring of stealth
MPRegen  0.17/turn              r - +4 ring of evasion

@: confusing touch, marked, very slightly contaminated, wreathed by umbra, very
quick
A: very small, unfitting armour, see invisible, speed 3
a: Shadow Step, Renounce Religion


You were on level 9 of the Dungeon.
You worshipped Dithmenos.
Dithmenos was pleased with you.
You visited 2 branches of the dungeon, and saw 11 of its levels.
You also visited: Ossuary.

You collected 568 gold pieces.

Inventory:

Hand Weapons
 a - a +1 dagger
 b - a +4 rapier of electrocution (weapon)
Missiles
 c - 332 stones (quivered)
 h - 8 atropa-tipped darts
 n - 8 boomerangs
 v - 30 poisoned darts
Armour
 p - a +2 cloak (worn)
 w - a +0 robe (worn)
Magical Staves
 F - an uncursed staff of conjuration {unknown}
Jewellery
 r - a +4 ring of evasion (right hand)
 t - an uncursed ring of wizardry
 x - a ring of stealth (left hand)
 K - a +6 ring of intelligence {unknown}
Wands
 o - a wand of random effects (55)
 z - a wand of flame (38)
 J - a wand of polymorph (7)
Scrolls
 j - 5 scrolls of teleportation
 k - a scroll of holy word
 m - 3 scrolls of blinking
 y - 4 scrolls of random uselessness {unknown}
 A - a scroll of summoning {unknown}
 B - 3 scrolls of remove curse
 C - a scroll of fear
 H - a scroll of identify
 L - a scroll of enchant weapon {unknown}
 M - a scroll of enchant armour
Potions
 d - 3 potions of flight
 e - a potion of might
 f - 3 potions of berserk rage
 g - a potion of lignification
 i - 2 potions of heal wounds
 l - a potion of invisibility
 q - 3 potions of haste
 s - 7 potions of curing
 u - 5 potions of mutation
 E - 2 potions of ambrosia
 G - a potion of degeneration
 I - a potion of brilliance {unknown}
Miscellaneous
 D - a condenser vane (1/2)


   Skills:
 + Level 4.2 Fighting
 + Level 8.9 Short Blades
 + Level 9.5 Dodging
 + Level 13.0 Stealth
 + Level 5.9 Spellcasting
 + Level 9.1 Hexes
 + Level 3.3 Invocations
 + Level 4.5 Evocations


You had 9 spell levels left.
You knew the following spells:

 Your Spells              Type           Power        Failure   Level
a - Corona                Hex            #####..      1%          1
b - Ensorcelled Hibernat  Hex/Ice        ####..       2%          2
c - Confusing Touch       Hex            #####...     1%          3
d - Tukima's Dance        Hex            #####...     1%          3
e - Dazzling Flash        Conj/Hex       ####..       4%          3

Your spell library contained the following spells:

 Spells                   Type           Power        Failure   Level


Dungeon Overview and Level Annotations

Branches:
Dungeon (10/15)            Temple (1/1) D:7            Lair (0/6) D:10
Ossuary (visited)
    Orc: D:9-12

Altars:
Ashenzari
Cheibriados
Dithmenos
Elyvilon
Fedhas
Gozag
Hepliaklqana
Kikubaaqudgha
Makhleb
Nemelex Xobeh
Okawaru
Qazlal
Ru
Sif Muna
Trog
Uskayaw
Vehumet
Wu Jian
Xom
Yredelemnul
Zin
The Shining One

Shops:
D:8 (

Annotations:
D:2 dig vault w gold
D:3 Natasha
D:7 1 runed translucent door, p0werm0de's ghost, novice DDFi
D:9 Harold


Innate Abilities, Weirdness & Mutations

You are very small and have problems with some larger weapons.
You are too small for most types of armour.
You have supernaturally acute eyesight. (SInv)
You cover ground extremely quickly.


Message History

Aiming: Ensorcelled Hibernation (safe; 2% risk of failure)
Press: ? - help, Shift-Dir - straight line, f - Harold
Aim: Harold, wielding a +0 scimitar, wearing a +0 scale mail and quivering 3 throwing nets (umbra, chance to defeat MR: 21%) Harold looks drowsy...
The helpless Harold fails to defend himself.
You skewer Harold like a kebab!!!!
Harold is almost dead.
Unknown command.
Casting: Ensorcelled Hibernation (safe; 2% risk of failure)
Confirm with . or Enter, or press ? or * to list all spells.
Your hands begin to glow red.
Harold hits you with a +0 scimitar!
* * * LOW HITPOINT WARNING * * *
Unknown command.
You hit Harold but do no damage.
Harold is almost dead.
Harold completely misses you.
You hit Harold but do no damage.
Harold is almost dead.
Harold hits you with a +0 scimitar!
You die...

#..≈≈)#...........Y #≈≈...
#..≈≈##)........... #≈≈...
#...)))[).......8.. #≈≈...
#..≈≈##........[... #≈≈...
#..≈≈.#............ #≈≈...
#..≈≈.'#####################≈≈...
##.≈8≈≈≈≈≈≈≈≈≈≈≈≈≈≈≈≈≈≈≈≈≈≈≈≈≈...
#.8≈≈≈≈≈≈≈≈≈≈≈≈≈≈≈≈≈≈≈≈≈≈≈≈≈≈.##
#..............@..............#
#############.@......######...#
#........# #...# #........# #...#
..........# #...## ...........#
#..... ............######.....
####.................##
.........#


You could see Harold.

Vanquished Creatures
  A wolf spider zombie (D:10)
  A gargoyle (D:10)
  A komodo dragon (D:10)
  A troll (D:9)
  Sigmund (D:3)
  Eustachio (D:4)
  A steam dragon (D:9)
  7 yaks
  A wyvern (D:10)
  2 insubstantial wisps (D:9)
  A soldier ant (D:10)
  An acid dragon (D:7)
  2 ice beasts
  5 orc warriors
  A necrophage (D:9)
  7 sky beasts
  A black bear (D:10)
  2 phantoms
  An eye of draining (D:10)
  2 ogres
  2 centaurs
  2 elf zombies (Ossuary)
  A water moccasin skeleton (D:5)
  A scorpion (D:4)
  9 killer bees
  5 howler monkeys
  9 wights
  3 electric eels (D:9)
  3 hounds
  4 centaur zombies
  A quasit (D:10)
  A jelly (D:6)
  2 centaur skeletons
  A human zombie (Ossuary)
  2 orc priests (D:9)
  Crazy Yiuf (D:2)
  3 bullfrog skeletons
  3 iguanas
  Natasha (D:3)
  8 orc wizards
  7 worker ants
  2 big kobold zombies (Ossuary)
  2 mummies (Ossuary)
  Robin (D:3)
  9 adders
  2 howler monkey skeletons
  2 shadow imps
  2 white imps (D:5)
  2 ufetubi (D:5)
  An ooze (D:6)
  6 worms
  5 adder skeletons
  An adder zombie (Ossuary)
  3 dart slugs
  3 leopard geckos
  30 orcs
  A ball python (D:2)
  9 bats
  6 giant cockroaches
  18 goblins
  4 hobgoblins
  25 jackals
  2 quokkas
  A ball python skeleton (D:4)
  6 frilled lizards
  10 hobgoblin zombies (Ossuary)
  2 jackal zombies
  7 kobolds
  12 kobold zombies (Ossuary)
  2 leopard gecko skeletons
  A leopard gecko zombie (D:7)
  5 orc zombies (Ossuary)
  A quokka zombie (D:6)
  10 rats
302 creatures vanquished.

Vanquished Creatures (others)
  An orc (D:9)
  40 plants (D:10)
41 creatures vanquished.

Grand Total: 343 creatures vanquished

Notes
Turn   | Place    | Note
-------+----------+-------------------------------------------
     0 | D:1      | tilp the Spriggan Enchanter began the quest for the Orb.
     0 | D:1      | Reached XP level 1. HP: 9/9 MP: 5/5
   499 | D:1      | Reached XP level 2. HP: 5/13 MP: 6/6
   505 | D:1      | Learned a level 2 spell: Ensorcelled Hibernation
   704 | D:1      | Reached skill level 5 in Stealth
  1371 | D:1      | Reached XP level 3. HP: 16/16 MP: 5/8
  1376 | D:1      | Learned a level 3 spell: Confusing Touch
  2169 | D:2      | Reached skill level 6 in Stealth
  2336 | D:2      | Reached XP level 4. HP: 14/21 MP: 9/9
  2757 | D:2      | Noticed a moth of wrath
  2759 | D:2      | Found a bloodstained altar of Trog.
  3192 | D:2      | Found a glowing silver altar of Zin.
  3218 | D:2      | Found a runed translucent door.
  3219 | D:2      | Noticed Crazy Yiuf
  3296 | D:2      | Killed Crazy Yiuf
  3418 | D:3      | Reached skill level 7 in Stealth
  3469 | D:3      | Noticed Robin
  3494 | D:3      | Killed Robin
  3494 | D:3      | Reached XP level 5. HP: 24/24 MP: 1/10
  3845 | D:3      | Noticed Natasha
  3852 | D:3      | Killed Natasha
  4020 | D:3      | Noticed Sigmund
  4025 | D:3      | Killed Sigmund
  4025 | D:3      | Reached skill level 5 in Short Blades
  4025 | D:3      | Reached skill level 8 in Stealth
  4025 | D:3      | Reached XP level 6. HP: 28/28 MP: 11/11
  4242 | D:3      | Noticed Natasha
  4486 | D:3      | Learned a level 3 spell: Tukima's Dance
  4803 | D:4      | Noticed Eustachio
  4992 | D:4      | Killed Eustachio
  4992 | D:4      | Reached skill level 5 in Hexes
  4992 | D:4      | Reached XP level 7. HP: 32/32 MP: 12/14
  5264 | D:5      | Entered Level 5 of the Dungeon
  5486 | D:5      | Found a sand-covered staircase.
  5493 | Ossuary  | Entered an ossuary
  5779 | Ossuary  | Reached skill level 1 in Fighting
  5779 | Ossuary  | Reached XP level 8. HP: 33/37 MP: 15/15
  6023 | Ossuary  | Reached skill level 5 in Dodging
  7453 | D:7      | Reached skill level 9 in Stealth
  7453 | D:7      | Reached XP level 9. HP: 35/44 MP: 7/16
  7625 | D:7      | Found a runed translucent door.
  7629 | D:7      | Noticed p0werm0de's ghost (novice DDFi)
  7802 | D:7      | Reached skill level 10 in Stealth
  7983 | D:7      | Found a snail-covered altar of Cheibriados.
  8150 | D:7      | Found a staircase to the Ecumenical Temple.
  8220 | Temple   | Entered the Ecumenical Temple
  8414 | Temple   | Became a worshipper of Dithmenos the Shadowed
  8649 | D:7      | Learned a level 3 spell: Dazzling Flash
  8793 | D:8      | Reached skill level 11 in Stealth
  8944 | D:8      | Found Poufa's Weapon Boutique.
  8985 | D:8      | You fall into a shaft and drop 2 floors!
  8985 | D:10     | Entered Level 10 of the Dungeon
  8995 | D:10     | Reached skill level 12 in Stealth
  9075 | D:10     | Reached * piety under Dithmenos
  9075 | D:10     | Reached skill level 1 in Invocations
  9075 | D:10     | Reached skill level 1 in Evocations
  9083 | D:10     | Reached XP level 10. HP: 24/49 MP: 1/17
  9430 | D:10     | Noticed a gargoyle
  9454 | D:10     | Killed a gargoyle
  9722 | D:10     | Reached skill level 5 in Spellcasting
 10183 | D:10     | Found a staircase to the Lair.
 10638 | D:9      | Reached ** piety under Dithmenos
 11365 | D:9      | Reached XP level 11. HP: 53/53 MP: 7/20
 11455 | D:9      | Reached skill level 13 in Stealth
 11628 | D:9      | Noticed Harold
 11642 | D:9      | Mangled by Harold

Illustrated notes

Levels and vault maps discovered:
D:1:      roderic_octagonal_star, layout_loops_ring
D:2:      layout_loops_ring, zin_treasury, tgw_trog, uniq_crazy_yiuf_cottage
D:3:      layout_loops_ring, uniq_sigmund, uniq_robin, uniq_natasha
D:4:      layout_basic, uniq_eustachio
D:5:      layout_cave_pools, chequers_ossuary_entry_cave
D:6:      layout_cave_pools
D:7:      layout_basic, temple_hall, basic_altar, ebering_ghost_reflecting_pool,
          grunt_tough_drop
D:8:      layout_basic, serial_shops, nicolae_shop_crystal
D:9:      layout_small_grid, erik_orc_2, hangedman_misty_isle, uniq_harold
D:10:     layout_cross, david_lair_shrubbed, minmay_alternating_orb
Temple:   kilobyte_greek_temple

Skill      XL: |  1  2  3  4  5  6  7  8  9 10 11 |
---------------+----------------------------------+-----
Stealth        | 5 6 7 8 9 12 13 | 13.0
Short Blades   | 2 3 5 8 |  8.9
Spellcasting   | 3 4 5 |  5.9
Hexes          | 4 5 8 9 |  9.1
Fighting       | 1 3 4 |  4.2
Dodging        | 8 9 |  9.5
Invocations    | 1 3 |  3.3
Evocations     | 1 4 |  4.5

Action                   |  1- 3 |  4- 6 |  7- 9 | 10-12 || total
-------------------------+-------+-------+-------+-------++-------
Melee: Dagger            |   145 |   276 |    44 |     9 ||   474
       Rapier            |       |       |   357 |   244 ||   601
Throw: Stone             |     4 |       |       |       ||     4
 Cast: Corona            |     8 |       |       |       ||     8
       Ensorcelled Hiber |    34 |    24 |    30 |    33 ||   121
       Confusing Touch   |       |     1 |    12 |    12 ||    25
Evoke: Condenser vane    |       |       |       |     1 ||     1
  Use: Scroll            |       |     7 |    10 |     4 ||    21
 Stab: Sleeping          |    20 |    27 |    40 |    24 ||   111
       Distracted        |     1 |       |       |       ||     1
       Confused          |       |     1 |     7 |    10 ||    18
Armor: Robe              |    13 |    42 |    31 |     8 ||    94
Dodge: Dodged            |   125 |   227 |   397 |   162 ||   911

Table legend: (Time is in decaauts)
 A = Elapsed time spent in this place.
 B = Non-inter-level travel time spent in this place.
 C = Inter-level travel time spent in this place.
 D = Time resting spent in this place.
 E = Time spent auto-exploring this place.
 F = Levels seen in this place.
 G = Mean time per level.
                   A        B        C        D        E       F      G
               +--------+--------+--------+--------+--------+-----+--------+
         Total |   9033 |   8643 |    390 |   2700 |   3682 |  12 |  752.8 |
       Dungeon |   8321 |   7982 |    339 |   2464 |   3430 |  10 |  832.1 |
        Temple |    142 |     92 |     50 |      0 |     89 |   1 |  142.0 |
       Ossuary |    569 |    569 |      0 |    236 |    162 |   1 |  569.0 |
               +--------+--------+--------+--------+--------+-----+--------+

Top non-repeatable levels by time:
     D:1: 1573 daAuts
     D:2: 1167 daAuts
     D:9: 1124 daAuts
     D:7: 1040 daAuts
    D:10: 1034 daAuts
     D:3: 923 daAuts
 Ossuary: 569 daAuts
     D:4: 477 daAuts
     D:5: 451 daAuts
     D:6: 338 daAuts
     D:8: 189 daAuts
  Temple: 142 daAuts
